 Dungeon Crawl Stone Soup version 0.29-a0-1023-g6ae1a4a2c7 (webtiles) character file.

Game seed: 10516227382477662152

37 tatocazan the Trooper (level 3, 0/29 HPs)
             Began as a Demonspawn Fighter on Aug 12, 2022.
             Was a Follower of Cheibriados.
             Slain by Sigmund
             ... wielding a +0 scythe
              (8 damage)
             ... on level 1 of the Dungeon.
             The game lasted 00:01:45 (875 turns).

tatocazan the Trooper (Demonspawn Fighter)           Turns: 875, Time: 00:01:45

Health: 0/29       AC:  8    Str: 20    XL:     3   Next: 21%
Magic:  3/3        EV:  9    Int: 11    God:    Cheibriados [*.....]
Gold:   79         SH:  5    Dex: 14    Spells: 2/2 levels left

rFire   . . .      SeeInvis .   a - +0 war axe
rCold   . . .      Faith    .   c - +0 buckler
rNeg    . . .      Spirit   .   b - +0 scale mail
rPois   .          Reflect  .   (no helmet)
rElec   .          Harm     .   (no cloak)
rCorr   .          Rampage  .   (no gloves)
Will    .....                   (no boots)
Stlth   ..........              (no amulet)
HPRegen 0.09/turn               (no ring)
MPRegen 0.08/turn               (no ring)

@: mighty, very slow
A: claws 1, slimy green scales 1
a: Renounce Religion, Bend Time


You were on level 1 of the Dungeon.
You worshipped Cheibriados.
Cheibriados was aware of your devotion.
You visited 1 branch of the dungeon, and saw 2 of its levels.

You collected 79 gold pieces.

Inventory:

Hand Weapons
 a - a +0 war axe (weapon)
Armour
 b - a +0 scale mail (worn)
 c - a +0 buckler (worn)
Scrolls
 f - a scroll of fear {unknown}
 g - a scroll of butterflies {unknown}
Potions
 e - a potion of heal wounds {unknown}


   Skills:
 + Level 3.3 Fighting
 * Level 2.4 Axes
 + Level 3.0 Armour
 + Level 3.0 Shields
 + Level 0.2 Invocations


You had 2 spell levels left.
You didn't know any spells.
Your spell library contained the following spells:

 Spells                   Type           Power      Damage    Failure   Level
 Summon Guardian Golem    Hex/Summ       0%         N/A       99%         3
 Orb of Destruction       Conj           0%         9d5       100%        7
 Spellforged Servitor     Conj/Summ      0%         N/A       100%        7


Dungeon Overview and Level Annotations

Branches:
Dungeon (2/15)

Altars:
Cheibriados

Annotations:
D:1 Sigmund
D:2 Natasha


Innate Abilities, Weirdness & Mutations

You have sharp fingernails.
You are partially covered in slimy green scales. (AC +2)


Message History

There is an open door here.
You take 3 damage, and have 26/29 hp.
Sigmund hits you from afar with a +0 scythe.
You take 1 damage, and have 25/29 hp.
You open the door.
There is an open door here.
Sigmund gestures wildly while chanting.
Sigmund flickers and vanishes!
Deactivating autopickup; reactivate with Ctrl-A.
You see here a worm corpse.
There is an open door here.
There is a stone staircase leading up here.
Something hits you!
There is a stone staircase leading up here.
You take 8 damage, and have 19/29 hp.
MASSIVE DAMAGE!!
Something hits you.
You climb upwards.
Reactivating autopickup.
There is a stone staircase leading down here.
You take 1 damage, and have 18/29 hp.
You feel very mighty all of a sudden. Something hits you but does no damage.
Deactivating autopickup; reactivate with Ctrl-A.
You miss something.
You hear some strange, mumbled words.
A magic dart appears from out of thin air!
The magic dart hits you but does no damage.
You slash something! Something hits you.
You take 2 damage, and have 16/29 hp.
You miss something. Something hits you.
You take 5 damage, and have 11/29 hp.
You miss something. Something hits you but does no damage.
You completely miss something.
You hear some strange, mumbled words.
Something tries to affect you, but you resist.
You miss something. Something hits you.
* * * LOW HITPOINT WARNING * * *
You take 3 damage, and have 8/29 hp.
You barely miss something. Something hits you!
You die...

.####.####...........# ...##..#
#...........# ##..##.#
#..........#########
###.##.####........##...#...##
###.....###..................##
.#####..##....................#
...###............)...........###
##.##...........)))......>.......
##..............@............#.##
####)..........{............###.#
.)##.....(.............)....# ##.
#...........................####.
#................................
...>........#...#..........#####.
........................#..## ##.
...........###...~~~....#...###.#
..........###....~_~...........##


There were no monsters in sight!

Vanquished Creatures
  A worm (D:2)
  2 dart slugs
  4 ball pythons (D:1)
  An endoplasm (D:1)
  2 giant cockroaches (D:1)
  3 goblins (D:1)
  2 hobgoblins (D:1)
  2 jackals (D:1)
  3 kobolds (D:1)
  2 quokkas (D:1)
  2 bats (D:1)
  2 frilled lizards (D:1)
  2 rats (D:1)
28 creatures vanquished.

Notes
Turn   | Place    | Note
-------+----------+-------------------------------------------
     0 | D:1      | tatocazan the Demonspawn Fighter began the quest for the
                  | Orb.
     0 | D:1      | Reached XP level 1. HP: 18/18 MP: 1/1
   156 | D:1      | Gained mutation: You are partially covered in slimy green
                  | scales. (AC +2) [demonic ancestry]
   156 | D:1      | Reached XP level 2. HP: 21/24 MP: 2/2
   387 | D:1      | Found a faded altar of an unknown god.
   501 | D:1      | Prayed at the altar of an unknown god.
   501 | D:1      | Became a worshipper of Cheibriados the Contemplative
   501 | D:1      | Reached * piety under Cheibriados
   524 | D:1      | Gained mutation: You have sharp fingernails. [demonic
                  | ancestry]
   524 | D:1      | Reached XP level 3. HP: 29/29 MP: 3/3
   771 | D:2      | Noticed Natasha
   773 | D:2      | Noticed Sigmund
   875 | D:1      | Slain by Sigmund

Illustrated notes

Levels and vault maps discovered:
D:1:      nzn_arrival_crosshair, layout_rooms,
          hellmonk_ecumenical_altar_pennies_from_heaven, hex_intersection,
          feat_on_display
D:2:      layout_rooms, nicolae_hexahallways, minmay_misc_feat_four_crosses,
          hangedman_abyss_or_decor_lesser_grid, uniq_sigmund, uniq_natasha

Skill      XL: |  1  2  3 |
---------------+----------+-----
Axes           | 2 |  2.4
Shields        | 3 |  3.0
Armour         | 3 |  3.0
Fighting       | |  3.3
Invocations    | |  0.2

Action                   || total
-------------------------++-------
Melee: War axe           ||    53
  Use: Potion            ||     1
Armor: Scale mail        ||    37
Dodge: Dodged            ||    26
Block: Buckler           ||    17

Table legend: (Time is in decaauts)
 A = Elapsed time spent in this place.
 B = Non-inter-level travel time spent in this place.
 C = Inter-level travel time spent in this place.
 D = Time resting spent in this place.
 E = Time spent auto-exploring this place.
 F = Levels seen in this place.
 G = Mean time per level.
                   A        B        C        D        E       F      G
               +--------+--------+--------+--------+--------+-----+--------+
         Total |   1010 |    962 |     48 |    165 |    620 |   2 |  505.0 |
       Dungeon |   1010 |    962 |     48 |    165 |    620 |   2 |  505.0 |
               +--------+--------+--------+--------+--------+-----+--------+

Top non-repeatable levels by time:
     D:1: 919 daAuts
     D:2: 91 daAuts
